 Dungeon Crawl Stone Soup version 0.24-a0-131-g11e5bb6019 (webtiles) character file.

Game seed: 0

661699 MrRokkomies the Sorcerer (level 27, -32/222 HPs)
             Began as a Gnoll Wanderer on Feb 21, 2019.
             Was the Champion of Makhleb.
             Annihilated by an Orb Guardian (37 damage)
             ... on level 5 of the Realm of Zot on Feb 27, 2019.
             The game lasted 06:30:20 (67811 turns).

MrRokkomies the Sorcerer (Gnoll Wanderer)          Turns: 67811, Time: 06:30:21

Health: -32/222    AC: 39    Str: 23    XL:     27
Magic:  16/16      EV: 20    Int: 28    God:    Makhleb [******]
Gold:   7597       SH: 23    Dex: 20    Spells: 5/68 levels left

rFire    + + .     SeeInvis +   Y - +1 morningstar of the Horn {antimagic, rF+ Int+2}
rCold    . . .     Gourm    .   E - +0 large shield {rF+}
rNeg     . . .     Faith    .   e - +9 storm dragon scales
rPois    +         Spirit   .   H - +1 helmet {Int+3}
rElec    +         Reflect  .   y - +1 cloak {MR+}
rCorr    .         Harm     .   t - +2 pair of gloves {Dex+3}
MR       +++++                  D - +1 pair of boots "Gyfaf" {+Inv rPois MR+ Str+3}
Stlth    ++........             z - amulet of the acrobat
HPRegen  0.47/turn              h - ring "Valabyj" {rPois MR+ Str+6 Int+3 Slay+2}
MPRegen  0.15/turn              n - ring of see invisible

@: about to teleport, studying Spellcasting, very slow
A: distributed training, fangs 1, clumsy 1, dopey 1, weak 1, subdued magic 1,
strong nose
}: 3/15 runes: decaying, silver, gossamer
a: Minor Destruction, Lesser Servant of Makhleb, Major Destruction, Greater
Servant of Makhleb, Renounce Religion, Evoke Invisibility


You were on level 5 of the Realm of Zot.
You worshipped Makhleb.
Makhleb was exalted by your worship.
You were not hungry.

You visited 10 branches of the dungeon, and saw 52 of its levels.
You visited the Abyss 1 time.
You also visited: Ice Cave, Volcano and Desolation.

You collected 8497 gold pieces.
You spent 900 gold pieces at shops.

Inventory:

Hand Weapons
 a - the +9 demon blade of the Orcish Mines {freeze, rF+ rN+ MR+}
   (You found it in an ice cave)

   It has been specially enchanted to freeze those struck by it, causing extra
   injury to most foes and up to half again as much damage against particularly
   susceptible opponents.
   It can also slow down cold-blooded creatures.
   It protects you from fire.
   It protects you from negative energy.
   It affects your resistance to hostile enchantments.
 s - a +8 trishula of holy wrath
 U - the +9 staff of Olgreb {rPois}
   (You took it off an imperial myrmidon in the Desolation of Salt)

   It protects you from poison.
 Y - the +1 morningstar of the Horn (weapon) {antimagic, rF+ Int+2}
   (You took it off a spriggan defender on level 1 of the Depths)

   It reduces the magical energy of the wielder, and disrupts the spells and
   magical abilities of those hit.
   Natural abilities and divine invocations are not affected.
   It affects your intelligence (+2).
   It protects you from fire.
Missiles
 x - 15 silver javelins (quivered)
Armour
 e - +9 storm dragon scales (worn)
 t - a +2 pair of gloves of dexterity (worn)
 y - a +1 cloak of magic resistance (worn)
 D - the +1 pair of boots "Gyfaf" (worn) {+Inv rPois MR+ Str+3}
   (You found it on level 1 of the Swamp)

   It affects your strength (+3).
   It protects you from poison.
   It affects your resistance to hostile enchantments.
   It lets you turn invisible.
 E - a +0 large shield of fire resistance (worn)
 H - a +1 helmet of intelligence (worn)
Jewellery
 h - the ring "Valabyj" (left hand) {rPois MR+ Str+6 Int+3 Slay+2}
   (You took it off a deep elf archer on level 3 of the Elven Halls)

   [ring of protection from magic]

   It affects your strength (+6).
   It affects your intelligence (+3).
   It affects your accuracy and damage with ranged weapons and melee attacks
   (+2).
   It protects you from poison.
   It affects your resistance to hostile enchantments.
 n - a ring of see invisible (right hand)
 q - the ring "Wuqan" {rPois rF+ MR+}
   (You took it off a deep elf high priest on level 3 of the Elven Halls)

   [ring of protection from fire]

   It protects you from fire.
   It protects you from poison.
   It affects your resistance to hostile enchantments.
 u - an uncursed ring of protection from cold
 z - an amulet of the acrobat (around neck)
 N - a +6 ring of evasion
Wands
 i - a wand of scattershot (4)
 m - a wand of acid (5)
 A - a wand of digging (6)
 C - a wand of disintegration (8)
 K - a wand of iceblast (80)
 L - a wand of enslavement (13)
 V - a wand of clouds (8)
Scrolls
 d - 4 scrolls of silence
 g - 4 scrolls of fog
 p - 21 scrolls of teleportation
 J - 8 scrolls of immolation
 P - 4 scrolls of blinking
 Q - 12 scrolls of identify
 R - 7 scrolls of fear
 Z - 7 scrolls of magic mapping
Potions
 b - 3 potions of brilliance
 c - 13 potions of heal wounds
 j - 13 potions of flight
 l - 7 potions of haste
 o - 9 potions of magic
 v - 6 potions of resistance
 B - 6 potions of ambrosia
 I - a potion of cancellation
 M - 7 potions of agility
 O - 5 potions of berserk rage
 T - 2 potions of might
 W - 27 potions of curing
Books
 S - a manual of Spellcasting
Miscellaneous
 r - a phial of floods (inert)
 w - a fan of gales
 F - 6 phantom mirrors
 G - a lightning rod (4/4)
 X - a lamp of fire
Comestibles
 f - 69 rations


   Skills:
 + Level 19.3 Fighting
 + Level 18.5 Short Blades
 + Level 18.5 Long Blades
 + Level 18.5 Axes
 + Level 18.5 Maces & Flails
 + Level 18.5 Polearms
 + Level 18.5 Staves
 + Level 18.5 Slings
 + Level 18.5 Bows
 + Level 18.5 Crossbows
 + Level 18.5 Throwing
 + Level 18.5 Armour
 + Level 18.6 Dodging
 + Level 19.2 Stealth
 + Level 18.5 Shields
 + Level 18.5 Unarmed Combat
 + Level 21.4 Spellcasting
 + Level 16.0 Conjurations
 + Level 16.0 Hexes
 + Level 16.0 Charms
 + Level 16.3 Summonings
 + Level 16.0 Necromancy
 + Level 16.0 Translocations
 + Level 16.0 Transmutations
 + Level 16.1 Fire Magic
 + Level 16.0 Ice Magic
 + Level 16.0 Air Magic
 + Level 16.0 Earth Magic
 + Level 16.0 Poison Magic
 + Level 19.9 Invocations
 + Level 18.5 Evocations


You had 5 spell levels left.
You knew the following spells:

 Your Spells              Type           Power        Failure   Level  Hunger
a - Confusing Touch       Hex            ######       0%          1    None
b - Blink                 Tloc           N/A          0%          2    None
c - Sticks to Snakes      Tmut           #######.     0%          2    None
d - Malign Gateway        Summ/Tloc      #######...   10%         7    ###....
e - Deflect Missiles      Chrm/Air       #######...   1%          6    None
f - Regeneration          Chrm/Necr      #######...   1%          3    None
g - Death Channel         Necr           #######...   1%          6    None
h - Olgreb's Toxic Radia  Pois           #######.     1%          4    None
i - Borgnjor's Vile Clut  Necr/Erth      #######...   1%          5    None
j - Ignite Poison         Fire/Tmut/Pois #######.     1%          3    None
k - Summon Lightning Spi  Summ/Air       #######.     1%          4    None
l - Bolt of Magma         Conj/Fire/Erth #######...   1%          5    None
m - Yara's Violent Unrav  Hex/Tmut       #######...   1%          5    None
n - Irradiate             Conj/Tmut      #######...   1%          5    None
o - Summon Mana Viper     Hex/Summ       #######.     1%          5    None

Your spell library contained the following spells:

 Spells                   Type           Power        Failure   Level  Hunger
 Animate Skeleton         Necr           N/A          0%          1    None
 Apportation              Tloc           ######       0%          1    None
 Beastly Appendage        Tmut           ######       0%          1    None
 Corona                   Hex            #######      0%          1    None
 Infusion                 Chrm           ####         0%          1    None
 Magic Dart               Conj           ####         0%          1    None
 Pain                     Necr           ####         0%          1    None
 Sandblast                Erth           ######       0%          1    None
 Shock                    Conj/Air       ####         0%          1    None
 Sting                    Conj/Pois      ####         0%          1    None
 Summon Butterflies       Summ           #######.     0%          1    None
 Summon Small Mammal      Summ           ####         0%          1    None
 Call Imp                 Summ           #######.     0%          2    None
 Corpse Rot               Necr           N/A          0%          2    None
 Ensorcelled Hibernation  Hex/Ice        ######       0%          2    None
 Passwall                 Tmut/Erth      #######.     0%          2    None
 Poisonous Vapours        Pois/Air       ######       0%          2    None
 Shroud of Golubria       Chrm/Tloc      #######...   0%          2    None
 Slow                     Hex            #######.     0%          2    None
 Song of Slaying          Chrm           #######.     0%          2    None
 Sublimation of Blood     Necr           #######...   0%          2    None
 Throw Flame              Conj/Fire      ######       0%          2    None
 Throw Frost              Conj/Ice       ######       0%          2    None
 Call Canine Familiar     Summ           #######.     1%          3    None
 Conjure Flame            Conj/Fire      #######.     1%          3    None
 Inner Flame              Hex/Fire       #######.     1%          3    None
 Lesser Beckoning         Tloc           #######...   1%          3    None
 Mephitic Cloud           Conj/Pois/Air  #######.     1%          3    None
 Portal Projectile        Hex/Tloc       ######       1%          3    None
 Recall                   Summ/Tloc      N/A          1%          3    None
 Spectral Weapon          Hex/Chrm       #######.     1%          3    None
 Spider Form              Tmut/Pois      #######...   1%          3    None
 Stone Arrow              Conj/Erth      ######       1%          3    None
 Summon Guardian Golem    Hex/Summ       #######.     1%          3    None
 Tukima's Dance           Hex            #######.     1%          3    None
 Cause Fear               Hex            #######...   1%          4    None
 Fulminant Prism          Conj/Hex       #######...   1%          4    None
 Ice Form                 Ice/Tmut       #######.     1%          4    None
 Leda's Liquefaction      Hex/Erth       #######...   1%          4    None
 Petrify                  Tmut/Erth      #######.     1%          4    None
 Summon Ice Beast         Ice/Summ       #######.     1%          4    None
 Agony                    Necr           #######.     1%          5    None
 Alistair's Intoxication  Tmut/Pois      #######.     1%          5    None
 Aura of Abjuration       Summ           #######...   1%          5    None
 Blade Hands              Tmut           #######...   1%          5    None
 Bolt of Draining         Conj/Necr      #######...   1%          5    None
 Dispel Undead            Necr           #######.     1%          5    None
 Excruciating Wounds      Chrm/Necr      #######...   1%          5    None
 Fireball                 Conj/Fire      #######...   1%          5    None
 Iskenderun's Battlesphe  Conj/Chrm      #######.     1%          5    None
 Lee's Rapid Deconstruct  Erth           #######...   1%          5    None
 Metabolic Englaciation   Hex/Ice        #######...   1%          5    None
 Silence                  Hex/Air        #######...   1%          5    None
 Summon Demon             Summ           #######...   1%          5    None
 Summon Forest            Summ/Tloc      #######...   1%          5    None
 Venom Bolt               Conj/Pois      #######...   1%          5    None
 Bolt of Cold             Conj/Ice       #######...   1%          6    None
 Bolt of Fire             Conj/Fire      #######...   1%          6    None
 Conjure Ball Lightning   Conj/Air       #######...   1%          6    None
 Darkness                 Hex            #######...   1%          6    None
 Freezing Cloud           Conj/Ice/Air   #######...   1%          6    None
 Hydra Form               Tmut           #######...   1%          6    None
 Invisibility             Hex            #######.     1%          6    None
 Iron Shot                Conj/Erth      #######...   1%          6    None
 Ozocubu's Refrigeration  Ice            #######...   1%          6    None
 Shadow Creatures         Summ           N/A          1%          6    None
 Simulacrum               Ice/Necr       #######...   1%          6    None
 Statue Form              Tmut/Erth      #######..    1%          6    None
 Summon Hydra             Summ           #######...   9%          7    ###....
 Ring of Flames           Chrm/Fire      #######...   10%         7    ###....
 Spellforged Servitor     Conj/Summ      #######...   10%         7    ###....
 Dragon Form              Tmut           #######...   11%         7    ###....
 Orb of Destruction       Conj           #######...   11%         7    ###....
 Ignition                 Fire           #######...   63%         8    #####..
 Borgnjor's Revivificati  Necr           #######...   65%         8    #####..
 Discord                  Hex            #######...   65%         8    #####..
 Shatter                  Erth           #######...   100%        9    ######.
 Tornado                  Air            #######...   100%        9    ######.


Dungeon Overview and Level Annotations

Branches:
Dungeon (15/15)            Temple (0/1) D:7            Lair (6/6) D:9
  Swamp (4/4) Lair:2       Spider (4/4) Lair:3        Slime (0/5) Lair:5
    Orc (2/2) D:9             Elf (3/3) Orc:2        Vaults (5/5) D:14
  Crypt (3/3) Vaults:2       Tomb (0/3) Crypt:3      Depths (5/5) D:15
    Zot (5/5) Depths:5

Altars:
Fedhas
Gozag
Kikubaaqudgha
Makhleb
Trog
Wu Jian
Xom
Yredelemnul
Zin
Jiyva

Shops:
D:7 [   D:15 *   Orc:2 }%*[   Elf:1 %   Elf:2 [   Elf:3 [[?[   Vaults:3 !
Zot:5 *

Portals:
Hell: Depths:1 Depths:2 Depths:3 Depths:4 Depths:5
Abyss: Depths:1 Depths:3 Depths:4
Pandemonium: Depths:2 Depths:3
Ziggurat: Depths:2

Annotations:
D:4 2 runed translucent doors, hemabe's ghost, amateur HuAr
Depths:4 exclusion: obsidian statue


Innate Abilities, Weirdness & Mutations

Your experience applies equally to all skills.
You have very sharp teeth.
Your uncanny sense of smell can sniff out nearby items.
You are clumsy. (Dex -2)
You are dopey. (Int -2)
You are weak. (Str -2)
Your spells are a little easier to cast, but a little less powerful.


Message History

Your unstable footing causes you to fumble your attack.
The Orb Guardian hits you but does no damage. x2
The Killer Klown blinks!
The ancient lich touches you.
* * * LOW HITPOINT WARNING * * *
The Orb Guardian hits you!!
* * * LOW HITPOINT WARNING * * *
Unknown command.
Your unstable footing causes you to fumble your attack.
You block the Orb Guardian's attack.
An orb of fire comes into view.
The Orb Guardian hits you but does no damage.
The orb of fire glows bright magenta.
The bolt of fire hits the orb of fire.
The orb of fire completely resists.
The bolt of fire misses you. The Orb Guardian hits you!
* * * LOW HITPOINT WARNING * * *
You block the ancient lich's attack.
You feel much better. The Orb Guardian hits you!!!
* * * LOW HITPOINT WARNING * * *
The Orb Guardian hits you!!!
You die...

,*,,,,,,,,,,,*,,,,,,,,,,,,,,,,,,,
,**,,,,,,,,,**,,,,,,,,,,,,,,,,,,,
,***,,,,,,,***,,,,,,,,,,,,,,,,,,,
,* ********* *,,,,,,,,,,,,,,,,,,,
** **,,,,,,,,,,,,,,,,,, *
***,,,,,,,,,,,,,,,,
****,,,,,,,,,.X.,
#▓▓▓▓▓▓▓▓▓▓▓##..., #*
###@**XXd.........., .#*
##yXXL##p...........,
..###########..X###.1....1.[....,
............*..###.......p......,
#.............## #..............,
#.............# #..............,
##...........## #....^..^......,
#.......=...# #..............,
##...........## #^.............,


You could see 3 orbs of fire, a Killer Klown, an ancient lich (invisible), a
white draconian, 5 Orb Guardians and a moth of wrath.

Vanquished Creatures
  Khufu (Crypt:3)
  6 ancient liches
  The ghost of Popraera the Conqueror, a legendary MfSk of Okawaru (Zot:5)
  Mennas (Crypt:2)
  A greater mummy (Crypt:3)
  Sojobo (Crypt:3)
  2 curse toes
  Xtahua (Depths:3)
  The ghost of Mawautz the Earth Mage, a veteran GrEE of Vehumet (Depths:1)
  Nikola (Vaults:2)
  Jory (Crypt:3)
  10 golden dragons
  The ghost of hemabe the Unseen, an adept HuAr of Trog (Vaults:3)
  A bone dragon (Crypt:3)
  An electric golem (Zot:1)
  15 tentacled monstrosities
  5 liches
  7 Orb Guardians (Zot:5)
  2 deep elf blademasters (Elf:3)
  6 acid blobs (Zot:3)
  A deep elf master archer (Elf:3)
  4 titans
  4 sphinxes
  An ancient champion (Crypt:1)
  A quicksilver dragon (Zot:1)
  3 tentacled starspawn (Abyss:4)
  4 shadow dragons
  6 death cobs
  7 tengu reavers
  3 thorn hunters
  2 revenants
  11 storm dragons
  Roxanne (Spider:1)
  2 draconian monks (Zot:2)
  3 imperial myrmidons (Desolation)
  5 draconian knights
  8 fire giants
  A balrug (Abyss:4)
  5 draconian scorchers
  5 frost giants
  7 deep elf sorcerers
  Aizul (Depths:1)
  Louise (Swamp:1)
  5 emperor scorpions
  4 draconian stormcallers
  6 ghost moths
  A ghost moth (shapeshifter) (Depths:4)
  3 curse skulls
  An orc warlord (Orc:1)
  An iron dragon (Vaults:5)
  15 vault wardens
  9 deep elf elementalists
  14 ironheart preservers
  A juggernaut zombie (Depths:1)
  6 draconian shifters
  7 ghouls
  8 draconian annihilators
  2 spriggan defenders
  An entropy weaver (shapeshifter) (Vaults:5)
  8 vampire knights
  8 entropy weavers
  7 war gargoyles
  11 green draconians
  18 stone giants
  13 very ugly things
  8 deep elf annihilators
  2 grey draconians (Depths:5)
  5 deep elf demonologists
  5 white draconians
  16 yellow draconians
  2 halazid warlocks (Desolation)
  12 red draconians
  A minotaur (D:13)
  2 spark wasps
  7 purple draconians
  17 black draconians
  5 eidola
  A merfolk javelineer (Depths:1)
  A blizzard demon (Depths:4)
  Snorg (D:11)
  12 crystal guardians
  9 deep elf death magi
  The ghost of hemabe the Covert, a journeyman HuAr of Trog (D:13)
  13 ettins
  A merfolk impaler (Depths:1)
  13 ogre magi
  8 jiangshi
  8 fire dragons
  7 ragged hierophants (Desolation)
  8 yaktaur captains
  Erolcha (Orc:1)
  4 servants of whispers (Desolation)
  7 rakshasas
  7 peacekeepers (Desolation)
  6 deep elf high priests
  4 ice dragons
  8 spriggan air magi
  22 hydras
  31 vault guards
  4 catoblepae (Lair:6)
  5 great orbs of eyes
  5 shambling mangroves
  5 death knights
  3 ghost crabs
  8 centaur warriors
  41 dancing weapons
  9 deep troll shamans
  43 two-headed ogres
  15 alligators
  4 tengu warriors
  4 death yaks (Lair:6)
  An alligator (shapeshifter) (Depths:4)
  Urug (Lair:3)
  2 titan zombies (Vaults:5)
  5 vampire magi
  3 deep troll earth magi
  7 small abominations
  3 sun demons (Abyss:4)
  3 thrashing horrors (Abyss:4)
  9 spriggans
  13 hell knights
  26 deep elf knights
  18 large abominations
  2 spriggan berserkers
  A soul eater (Crypt:1)
  A shock serpent (Depths:4)
  An iron troll (shapeshifter) (Depths:4)
  2 sixfirhies (Abyss:4)
  37 skeletal warriors
  23 slime creatures
  A golden dragon zombie (Crypt:3)
  2 shadow wraiths (Vaults:4)
  11 iron trolls
  A spatial maelstrom (Abyss:4)
  3 flayed ghosts
  A spriggan druid (Swamp:3)
  3 wizards
  A deep troll (shapeshifter) (Depths:4)
  An unseen horror (shapeshifter) (D:15)
  5 unseen horrors
  2 starcursed masses (Abyss:4)
  17 deep trolls
  17 orc knights
  7 glowing orange brains
  12 ironbrand convokers
  8 swamp dragons
  3 obsidian statues
  2 wolf spider zombies
  10 deep elf archers
  A shadow dragon zombie (Crypt:1)
  64 deep elf magi
  13 phantasmal warriors
  8 necromancers
  2 tengu zombies
  64 ugly things
  An anaconda skeleton (Crypt:3)
  3 harpies (Vaults:3)
  21 orb spiders
  6 oklob plants
  A shining eye (Abyss:4)
  39 wolf spiders
  A shining eye (shapeshifter) (Elf:3)
  A frost giant zombie (Depths:1)
  13 cyclopes
  A fire giant zombie (Depths:1)
  4 orc sorcerers
  A mana viper (shapeshifter) (Depths:1)
  4 salamanders
  7 manticores
  A stone giant zombie (Vaults:3)
  A manticore (shapeshifter) (Depths:4)
  A faun (shapeshifter) (Depths:4)
  32 moths of wrath
  3 stone giant skeletons
  3 elephants
  2 torpor snails (Spider:2)
  A black mamba (shapeshifter) (Vaults:1)
  4 black mambas
  A frost giant skeleton (Depths:1)
  3 guardian serpents (Desolation)
  2 rust devils
  2 ice statues (IceCv)
  An apocalypse crab (Abyss:4)
  5 human skeletons
  7 smoke demons
  4 molten gargoyles
  A guardian serpent (shapeshifter) (Vaults:3)
  2 dire elephant skeletons (Crypt:3)
  9 gargoyles
  A storm dragon simulacrum (Vaults:2)
  17 spiny frogs
  2 shock serpent skeletons (Crypt:3)
  5 rime drakes
  11 vault sentinels
  A rime drake (shapeshifter) (Vaults:1)
  2 kobold demonologists (D:12)
  A hellion (Abyss:4)
  9 freezing wraiths
  An efreet (D:14)
  11 demonic crawlers
  4 human zombies
  7 komodo dragons
  47 yaktaurs
  6 ice devils (IceCv)
  A green draconian skeleton (Crypt:2)
  A komodo dragon (shapeshifter) (Vaults:4)
  A yaktaur (shapeshifter) (Vaults:2)
  5 red devils
  5 ancient zymes (Abyss:4)
  3 guardian mummies
  13 trolls
  A hydra zombie (Crypt:3)
  A harpy zombie (Crypt:3)
  A merfolk (D:8)
  3 meliai (D:14)
  A tengu conjurer (Depths:2)
  A jumping spider (shapeshifter) (Depths:2)
  A wind drake (Depths:4)
  A meliai (shapeshifter) (Vaults:2)
  A troll (shapeshifter) (Depths:3)
  A polar bear (Lair:5)
  21 tyrant leeches
  2 tyrant leeches (shapeshifter)
  49 jumping spiders
  A polar bear (shapeshifter) (Elf:3)
  13 blink frogs
  Prince Ribbit (Lair:3)
  9 hippogriffs
  7 bog bodies
  25 hornets
  53 saltlings (Desolation)
  A dream sheep (shapeshifter) (Vaults:4)
  A meliai zombie (Crypt:2)
  A fire dragon zombie (Crypt:3)
  11 raiju (Abyss:4)
  A snapping turtle (shapeshifter) (Vaults:4)
  An iron dragon simulacrum (Crypt:1)
  A hippogriff (shapeshifter) (Vaults:2)
  Sigmund (D:6)
  A centaur simulacrum (D:15)
  6 air elementals
  16 water elementals
  10 wyverns
  A ynoxinul (Abyss:4)
  An ettin skeleton (Crypt:1)
  18 tarantellas
  2 fire dragon skeletons
  A redback (shapeshifter) (Depths:5)
  6 shadows
  An alligator skeleton (Crypt:1)
  60 redbacks
  23 yaks
  6 wraiths
  3 fire bats (Volcano)
  2 basilisks (shapeshifter)
  A basilisk (Lair:3)
  16 humans (D:13)
  A human (shapeshifter) (Abyss:4)
  4 hungry ghosts
  4 fire elementals
  5 vampire mosquitoes
  2 chaos spawn (Abyss:4)
  A steam dragon (shapeshifter) (Vaults:5)
  A neqoxec (Abyss:4)
  2 steam dragons
  27 wargs
  6 insubstantial wisps
  A spatial vortex (Abyss:4)
  A swamp worm (shapeshifter) (Depths:4)
  2 acid dragons
  14 swamp worms
  8 water moccasins
  2 soldier ants (shapeshifter)
  12 porcupines
  A deep troll skeleton (Vaults:5)
  A floating eye (shapeshifter) (D:15)
  11 swamp drakes
  2 spiny frog skeletons
  A meliai simulacrum (D:14)
  2 black bears (D:13)
  6 sky beasts
  2 hornet zombies
  36 orc warriors
  3 ice beasts
  A necrophage (Crypt:2)
  15 boggarts
  A black mamba simulacrum (Crypt:1)
  3 phantoms
  3 eyes of draining
  41 ogres
  An ettin simulacrum (Vaults:3)
  6 wolves (Lair:1)
  2 elf zombies
  15 centaurs
  15 crocodiles
  An elf skeleton (Vaults:3)
  5 big kobolds
  24 bullfrogs
  A deep troll simulacrum (Vaults:1)
  12 earth elementals
  3 wyvern skeletons
  A warg zombie (Crypt:2)
  4 scorpions
  9 killer bees
  20 wights
  11 electric eels
  A spriggan skeleton (Crypt:2)
  4 howler monkeys
  2 bullfrog zombies (D:12)
  10 crimson imps
  3 centaur zombies
  8 hounds
  16 jellies
  5 centaur skeletons
  19 orc priests
  5 bullfrog skeletons
  A gnoll shaman (D:6)
  An iguana (D:10)
  15 orc wizards
  8 worker ants
  A deep dwarf zombie (Crypt:1)
  A tengu skeleton (Crypt:1)
  An ogre skeleton (Crypt:3)
  A hound skeleton (D:4)
  12 mummies
  A worker ant zombie (D:11)
  Robin (D:2)
  A howler monkey skeleton (D:4)
  13 gnolls
  15 adders
  5 shadow imps
  A swamp drake skeleton (Crypt:2)
  6 white imps
  8 ufetubi
  An adder zombie (D:8)
  2 adder skeletons (D:4)
  2 worms
  A ball lightning (Depths:4)
  4 dart slugs
  7 leopard geckos
  100 orcs
  6 giant cockroaches
  10 goblins
  10 hobgoblins
  10 jackals
  18 kobolds
  4 quokkas
  A ball python (D:5)
  9 bats
  5 frilled lizards
  A jackal skeleton (D:4)
  A kobold zombie (Crypt:1)
  A leopard gecko zombie (D:6)
  5 rats
  4 crawling corpses
  2 fungi (Lair:6)
2566 creatures vanquished.

Vanquished Creatures (collateral kills)
  2 juggernauts (Depths:1)
  Boris (twice) (Crypt:3 Depths:5)
  Frederick (Crypt:1)
  3 tentacled monstrosities
  Asterion (Spider:2)
  2 Orb Guardians (Zot:5)
  A deep elf blademaster (Depths:1)
  3 acid blobs (Zot:3)
  A death cob (Zot:3)
  4 storm dragons
  3 shadow dragons (Vaults:5)
  2 draconian monks
  Donald (Swamp:4)
  A tengu reaver (Vaults:5)
  A frost giant (Vaults:5)
  A vault warden (Vaults:5)
  A draconian stormcaller (Zot:3)
  A draconian shifter (Zot:2)
  A war gargoyle (Vaults:5)
  2 draconian annihilators
  A stone giant (Depths:1)
  A reaper (IceCv)
  4 black draconians
  2 purple draconians
  2 red draconians
  2 yellow draconians (Zot:3)
  A white draconian (Zot:2)
  A merfolk javelineer (Depths:1)
  2 ogre magi
  4 hydras
  An alligator (Swamp:4)
  A death yak (Lair:6)
  2 deep elf knights
  A quicksilver dragon simulacrum (Depths:1)
  2 swamp dragons (Swamp:4)
  2 necromancers
  An ironbrand convoker (Vaults:5)
  3 oklob plants (Lair:5)
  6 ugly things (Depths:1)
  A slime creature (Swamp:4)
  A stone giant skeleton (Depths:1)
  An iron dragon skeleton (Depths:1)
  3 moths of wrath
  4 elephants (Lair:6)
  A black mamba (Lair:6)
  A vault sentinel (Vaults:5)
  2 spiny frogs (Lair:6)
  2 komodo dragons
  2 rime drakes (Swamp:4)
  3 yaktaurs (Depths:1)
  5 ice devils (IceCv)
  A tyrant leech (Spider:2)
  3 blink frogs (Lair:6)
  An ettin zombie (Vaults:5)
  A tarantella (Spider:2)
  7 yaks (Lair:6)
  A hungry ghost (Crypt:3)
  A swamp worm (Swamp:4)
  A water moccasin (Lair:6)
  3 swamp drakes (Swamp:4)
  An eye of draining (shapeshifter) (Vaults:5)
  2 wolves (Lair:1)
  2 crocodiles
  A bullfrog (Lair:1)
  A killer bee (D:9)
  8 jellies (Zot:3)
  A mummy (Crypt:3)
  A white imp (IceCv)
  An orc (Vaults:5)
  2 crawling corpses (Vaults:5)
  3 fungi
  8 plants (Lair:5)
  A withered plant (Crypt:3)
150 creatures vanquished.

Vanquished Creatures (others)
  A shadow dragon (Zot:5)
  6 eldritch tentacles
  A draconian knight (Zot:2)
  A very ugly thing (Depths:4)
  An ironheart preserver (Vaults:5)
  A deep elf annihilator (Vaults:5)
  A yellow draconian (Zot:3)
  2 yaktaur captains
  An ice dragon (Depths:2)
  A dancing weapon (Depths:4)
  An alligator (Swamp:3)
  A deep elf knight (Elf:2)
  A wretched star (Abyss:4)
  A glowing orange brain (Depths:4)
  A spriggan druid (Swamp:4)
  2 deep elf archers
  A wizard (Depths:3)
  A cyclops (Vaults:2)
  A phantasmal warrior (Crypt:1)
  A moth of wrath (Zot:5)
  4 yaktaurs
  A demonic crawler (Spider:4)
  A jumping spider (Spider:2)
  A large abomination (Abyss:4)
  A water elemental (Depths:4)
  A swamp drake (Swamp:1)
  An ogre (Vaults:5)
  A killer bee (D:9)
  An earth elemental (Depths:4)
  A jelly (Zot:3)
  A quasit (Abyss:4)
  4 white imps (IceCv)
  4 ufetubi (IceCv)
  8 ball lightnings (Depths:4)
  4 orcs
  A crawling corpse (Vaults:5)
  13 fungi
  A lurking horror (Abyss:4)
  A pillar of salt (Elf:2)
  17 plants
  7 starspawn tentacles (Abyss:4)
101 creatures vanquished.

Grand Total: 2817 creatures vanquished

Notes
Turn   | Place    | Note
-------+----------+-------------------------------------------
     0 | D:1      | MrRokkomies the Gnoll Wanderer began the quest for the Orb.
     0 | D:1      | MrRokkomies set off with the following items: a +2 dagger,
                  | a scroll of fear, 2 potions of curing, a +0 robe, a ration
     0 | D:1      | Reached XP level 1. HP: 23/23 MP: 1/1
   164 | D:1      | Reached XP level 2. HP: 28/29 MP: 2/2
   765 | D:2      | Reached XP level 3. HP: 34/35 MP: 3/3
   908 | D:2      | Reached skill level 1 in Invocations
   933 | D:2      | Noticed Robin
   991 | D:2      | Killed Robin
   991 | D:2      | Reached skill level 1 in Short Blades
   991 | D:2      | Reached skill level 1 in Long Blades
   991 | D:2      | Reached skill level 1 in Axes
   991 | D:2      | Reached skill level 1 in Maces & Flails
   991 | D:2      | Reached skill level 1 in Polearms
   991 | D:2      | Reached skill level 1 in Staves
   991 | D:2      | Reached skill level 1 in Slings
   991 | D:2      | Reached skill level 1 in Bows
   991 | D:2      | Reached skill level 1 in Crossbows
   991 | D:2      | Reached skill level 1 in Throwing
   991 | D:2      | Reached skill level 1 in Armour
   991 | D:2      | Reached skill level 1 in Shields
   991 | D:2      | Reached skill level 1 in Unarmed Combat
   991 | D:2      | Reached skill level 1 in Spellcasting
   991 | D:2      | Reached skill level 1 in Evocations
  1004 | D:2      | Reached XP level 4. HP: 27/41 MP: 5/5
  2204 | D:2      | Reached skill level 1 in Conjurations
  2204 | D:2      | Reached skill level 1 in Hexes
  2204 | D:2      | Reached skill level 1 in Charms
  2204 | D:2      | Reached skill level 1 in Necromancy
  2204 | D:2      | Reached skill level 1 in Translocations
  2204 | D:2      | Reached skill level 1 in Transmutations
  2204 | D:2      | Reached skill level 1 in Ice Magic
  2204 | D:2      | Reached skill level 1 in Air Magic
  2204 | D:2      | Reached skill level 1 in Earth Magic
  2204 | D:2      | Reached skill level 1 in Poison Magic
  2459 | D:3      | Reached XP level 5. HP: 47/47 MP: 5/7
  2730 | D:3      | Found a basalt altar of Yredelemnul.
  2783 | D:4      | Reached skill level 5 in Dodging
  2783 | D:4      | Reached skill level 4 in Spellcasting
  2783 | D:4      | Reached skill level 5 in Summonings
  2783 | D:4      | Reached XP level 6. HP: 50/56 MP: 7/12
  2862 | D:4      | Found an ornate altar of the Wu Jian Council.
  2988 | D:4      | Reached skill level 5 in Invocations
  2988 | D:4      | Reached XP level 7. HP: 60/62 MP: 13/13
  3037 | D:4      | Found a large runed translucent door.
  3047 | D:4      | Found a large runed translucent door.
  3047 | D:4      | Found a blossoming altar of Fedhas.
  3049 | D:4      | Noticed hemabe's ghost (amateur HuAr)
  3682 | D:5      | Entered Level 5 of the Dungeon
  4104 | D:5      | Reached XP level 8. HP: 68/68 MP: 15/15
  4867 | D:6      | Noticed Sigmund
  4873 | D:6      | Killed Sigmund
  4873 | D:6      | Reached skill level 5 in Short Blades
  4873 | D:6      | Reached skill level 5 in Long Blades
  4873 | D:6      | Reached skill level 5 in Axes
  4873 | D:6      | Reached skill level 5 in Maces & Flails
  4873 | D:6      | Reached skill level 5 in Polearms
  4873 | D:6      | Reached skill level 5 in Staves
  4873 | D:6      | Reached skill level 5 in Slings
  4873 | D:6      | Reached skill level 5 in Bows
  4873 | D:6      | Reached skill level 5 in Crossbows
  4873 | D:6      | Reached skill level 5 in Throwing
  4873 | D:6      | Reached skill level 5 in Armour
  4873 | D:6      | Reached skill level 5 in Shields
  4873 | D:6      | Reached skill level 5 in Unarmed Combat
  4873 | D:6      | Reached skill level 5 in Spellcasting
  4873 | D:6      | Reached skill level 5 in Evocations
  4920 | D:6      | Found a burning altar of Makhleb.
  4923 | D:6      | Became a worshipper of Makhleb the Destroyer
  5220 | D:7      | Reached XP level 9. HP: 70/75 MP: 16/16
  5760 | D:7      | Found Cuirojap's Armour Shop.
  5771 | D:7      | Bought a +1 helmet of intelligence for 247 gold pieces
  5805 | D:7      | Found a staircase to the Ecumenical Temple.
  5849 | D:7      | Found a bloodstained altar of Trog.
  6000 | D:8      | Reached * piety under Makhleb
  6104 | D:8      | Learned a level 1 spell: Confusing Touch
  6148 | D:8      | Reached skill level 5 in Fire Magic
  6303 | D:8      | Noticed a two-headed ogre
  6305 | D:8      | Noticed a merfolk
  6305 | D:8      | a two-headed ogre changed into a merfolk
  6354 | D:8      | Killed a merfolk
  6354 | D:8      | Reached XP level 10. HP: 40/82 MP: 18/18
  7177 | D:8      | Found a glowing silver altar of Zin.
  7510 | D:9      | Found a staircase to the Orcish Mines.
  8118 | D:9      | Paralysed by a gnoll for 4 turns
  8317 | D:9      | Noticed a two-headed ogre
  8333 | D:9      | Killed a two-headed ogre
  8704 | D:9      | Reached skill level 6 in Spellcasting
  8797 | D:9      | Found a staircase to the Lair.
  9089 | D:9      | Reached skill level 5 in Conjurations
  9089 | D:9      | Reached skill level 5 in Hexes
  9089 | D:9      | Reached skill level 5 in Charms
  9089 | D:9      | Reached skill level 5 in Necromancy
  9089 | D:9      | Reached skill level 5 in Translocations
  9089 | D:9      | Reached skill level 5 in Transmutations
  9089 | D:9      | Reached skill level 5 in Ice Magic
  9089 | D:9      | Reached skill level 5 in Air Magic
  9089 | D:9      | Reached skill level 5 in Earth Magic
  9089 | D:9      | Reached skill level 5 in Poison Magic
  9174 | D:9      | Reached ** piety under Makhleb
  9480 | Lair:1   | Entered Level 1 of the Lair of Beasts
  9507 | Lair:1   | Learned a level 1 spell: Animate Skeleton
  9719 | Lair:1   | Noticed an eight-headed hydra
  9730 | Lair:1   | Killed an eight-headed hydra
  9730 | Lair:1   | Reached XP level 11. HP: 21/89 MP: 20/20
 10150 | Lair:1   | You fall through a shaft!
 10635 | Lair:2   | Found a staircase to the Swamp.
 12430 | Lair:2   | Reached *** piety under Makhleb
 12564 | Lair:2   | Noticed a six-headed hydra
 12602 | Lair:2   | Killed a six-headed hydra
 13140 | Lair:3   | Noticed Prince Ribbit
 13182 | Lair:3   | Reached skill level 7 in Spellcasting
 13206 | Lair:3   | Found a hole to the Spider Nest.
 13291 | Lair:3   | Reached XP level 12. HP: 97/97 MP: 22/22
 13298 | Lair:3   | Noticed Urug
 13306 | Lair:3   | Noticed a five-headed hydra
 13315 | Lair:3   | Killed a five-headed hydra
 13320 | Lair:3   | Killed Urug
 13627 | Lair:3   | Killed Prince Ribbit
 14497 | Lair:4   | Learned a level 2 spell: Sticks to Snakes
 14950 | Lair:4   | Learned a level 3 spell: Call Canine Familiar
 15011 | Lair:4   | Reached skill level 10 in Fighting
 15800 | Lair:5   | Found a dark tunnel.
 15843 | Volcano  | Entered a volcano
 15857 | Volcano  | Noticed a two-headed ogre
 15865 | Volcano  | Killed a two-headed ogre
 15870 | Volcano  | Noticed a two-headed ogre
 15875 | Volcano  | Killed a two-headed ogre
 16402 | Lair:5   | Noticed a seven-headed hydra
 16411 | Lair:5   | Killed a seven-headed hydra
 16432 | Lair:5   | Identified a scroll of acquirement
 16433 | Lair:5   | Got a smoking broad axe
 16434 | Lair:5   | Identified the +5 broad axe "Usheawat" {venom, rPois
                  | Stlth+} (You acquired it on level 5 of the Lair of Beasts)
 16588 | Lair:5   | Found a viscous altar of Jiyva.
 16588 | Lair:5   | Found a staircase to the Slime Pits.
 16699 | Lair:5   | Reached **** piety under Makhleb
 16699 | Lair:5   | Reached XP level 13. HP: 94/103 MP: 24/24
 16845 | Lair:5   | Reached skill level 10 in Stealth
 16867 | Lair:5   | Reached skill level 8 in Spellcasting
 17180 | Lair:6   | Entered Level 6 of the Lair of Beasts
 17976 | Lair:6   | Reached ***** piety under Makhleb
 18022 | Lair:6   | Reached XP level 14. HP: 84/111 MP: 26/26
 19082 | D:9      | Reached skill level 9 in Spellcasting
 19451 | D:9      | Found a shimmering altar of Xom.
 19512 | Orc:1    | Entered Level 1 of the Orcish Mines
 19884 | Orc:2    | Entered Level 2 of the Orcish Mines
 19884 | Orc:2    | Noticed Erolcha
 19903 | Orc:1    | Killed Erolcha
 19944 | Orc:2    | Noticed an orc warlord
 19969 | Orc:1    | Killed an orc warlord
 20035 | Orc:2    | Reached skill level 10 in Invocations
 20443 | Orc:2    | Found a staircase to the Elven Halls.
 21905 | Orc:2    | Paralysed by an ogre mage for 6 turns
 21912 | Orc:2    | Reached ****** piety under Makhleb
 21921 | Orc:2    | Reached skill level 10 in Dodging
 21921 | Orc:2    | Reached XP level 15. HP: 62/119 MP: 28/28
 22169 | Orc:2    | Found Luzir's Food Emporium.
 22371 | Orc:2    | Found Wynubehube's Gadget Shop.
 22373 | Orc:2    | Found Goklo's Antique Armour Boutique.
 22373 | Orc:2    | Found Tauf's General Store.
 22669 | D:10     | Entered Level 10 of the Dungeon
 22876 | D:10     | Learned a level 3 spell: Mephitic Cloud
 23445 | D:11     | Noticed Snorg
 23464 | D:11     | Killed Snorg
 23597 | D:11     | Found a frozen archway.
 23613 | IceCv    | Entered an ice cave
 24895 | IceCv    | Got a steaming demon blade
 24911 | IceCv    | Identified the +9 demon blade of the Orcish Mines {freeze,
                  | rF+ rN+ MR+} (You found it in an ice cave)
 25775 | D:12     | Reached skill level 10 in Short Blades
 25775 | D:12     | Reached skill level 10 in Long Blades
 25775 | D:12     | Reached skill level 10 in Axes
 25775 | D:12     | Reached skill level 10 in Maces & Flails
 25775 | D:12     | Reached skill level 10 in Polearms
 25775 | D:12     | Reached skill level 10 in Staves
 25775 | D:12     | Reached skill level 10 in Slings
 25775 | D:12     | Reached skill level 10 in Bows
 25775 | D:12     | Reached skill level 10 in Crossbows
 25775 | D:12     | Reached skill level 10 in Throwing
 25775 | D:12     | Reached skill level 10 in Armour
 25775 | D:12     | Reached skill level 10 in Shields
 25775 | D:12     | Reached skill level 10 in Unarmed Combat
 25775 | D:12     | Reached skill level 10 in Spellcasting
 25775 | D:12     | Reached skill level 10 in Evocations
 27220 | D:13     | Learned a level 2 spell: Poisonous Vapours
 27224 | D:13     | Learned a level 3 spell: Summon Guardian Golem
 27406 | D:13     | Noticed hemabe's ghost (journeyman HuAr)
 27481 | D:13     | Found a runed translucent gate.
 27481 | D:13     | Found a runed translucent gate.
 27481 | D:13     | Found a runed translucent gate.
 27498 | D:13     | Killed hemabe's ghost
 27829 | D:14     | Found a gate to the Vaults.
 27961 | D:13     | Reached XP level 16. HP: 127/127 MP: 30/30
 28423 | D:14     | Paralysed by a great orb of eyes for 2 turns
 28482 | D:14     | Identified the Catalogue of Lightness and Stones
 28484 | D:14     | Identified Ozopipha's Guide on Summoning
 28773 | D:15     | Entered Level 15 of the Dungeon
 29055 | D:15     | Reached skill level 10 in Summonings
 29268 | D:15     | Found a staircase to the Depths.
 29273 | D:15     | Paralysed by a floating eye for 4 turns
 29771 | D:15     | Found Irphac's General Store.
 29979 | Swamp:1  | Entered Level 1 of the Swamp
 30017 | Swamp:1  | Reached skill level 11 in Spellcasting
 30677 | Swamp:1  | Got a pair of shimmering boots
 30678 | Swamp:1  | Identified the +1 pair of boots "Gyfaf" {+Inv rPois MR+
                  | Str+3} (You found it on level 1 of the Swamp)
 30836 | Swamp:1  | Noticed Louise
 30850 | Swamp:1  | Killed Louise
 31688 | Swamp:2  | Reached XP level 17. HP: 135/135 MP: 32/32
 32743 | Swamp:3  | Reached skill level 10 in Fire Magic
 33295 | Swamp:4  | Entered Level 4 of the Swamp
 33643 | Swamp:4  | Noticed Donald
 33671 | Swamp:4  | Killed Donald
 34103 | Swamp:4  | Reached skill level 10 in Conjurations
 34103 | Swamp:4  | Reached skill level 10 in Hexes
 34103 | Swamp:4  | Reached skill level 10 in Charms
 34103 | Swamp:4  | Reached skill level 10 in Necromancy
 34103 | Swamp:4  | Reached skill level 10 in Translocations
 34103 | Swamp:4  | Reached skill level 10 in Transmutations
 34103 | Swamp:4  | Reached skill level 10 in Ice Magic
 34103 | Swamp:4  | Reached skill level 10 in Air Magic
 34103 | Swamp:4  | Reached skill level 10 in Earth Magic
 34103 | Swamp:4  | Reached skill level 10 in Poison Magic
 34424 | Swamp:4  | Reached XP level 18. HP: 143/143 MP: 33/33
 34576 | Swamp:4  | Got a decaying rune of Zot
 34695 | Spider:1 | Entered Level 1 of the Spider Nest
 34763 | Spider:1 | Noticed Roxanne
 35112 | Spider:1 | Learned a level 4 spell: Olgreb's Toxic Radiance
 35118 | Spider:1 | Learned a level 5 spell: Borgnjor's Vile Clutch
 35256 | Spider:1 | Killed Roxanne
 35322 | Spider:2 | Reached skill level 12 in Spellcasting
 35483 | Spider:2 | Noticed Asterion
 35508 | Spider:2 | Killed Asterion
 35842 | Spider:2 | You fall through a shaft!
 36388 | Spider:3 | Learned a level 3 spell: Ignite Poison
 36388 | Spider:3 | Upgraded the game from 0.24-a0-123-ga2403f3307 to
                  | 0.24-a0-125-gdf024910ca
 36751 | Spider:4 | Entered Level 4 of the Spider Nest
 36897 | Spider:4 | Reached XP level 19. HP: 151/151 MP: 35/35
 37533 | Spider:4 | Got a gossamer rune of Zot
 38164 | Vaults:1 | Entered Level 1 of the Vaults
 39574 | Vaults:2 | Reached skill level 13 in Spellcasting
 39574 | Vaults:2 | Reached XP level 20. HP: 159/159 MP: 35/37
 39624 | Vaults:2 | Noticed Nikola
 39640 | Vaults:2 | Killed Nikola
 39788 | Vaults:2 | Found a staircase to the Crypt.
 39858 | Vaults:2 | You fall through a shaft for 2 floors!
 40414 | Vaults:4 | Got a scintillating tin ring
 40425 | Vaults:4 | Identified the ring of Xom's Capriciousness {Ice Int+4}
                  | (You found it on level 4 of the Vaults)
 41272 | Vaults:3 | Found a runed translucent door.
 41272 | Vaults:3 | Noticed hemabe's ghost (adept HuAr)
 41385 | Vaults:3 | Killed hemabe's ghost
 41636 | Vaults:3 | Reached XP level 21. HP: 166/166 MP: 38/38
 41645 | Vaults:3 | Learned a level 4 spell: Summon Lightning Spire
 41651 | Vaults:3 | Learned a level 5 spell: Bolt of Magma
 41657 | Vaults:3 | Learned a level 5 spell: Yara's Violent Unravelling
 41766 | Vaults:3 | Found Guehua's Distillery.
 41790 | Vaults:3 | Bought a potion of heal wounds for 80 gold pieces
 41790 | Vaults:3 | Bought a potion of heal wounds for 80 gold pieces
 43282 | Elf:1    | Entered Level 1 of the Elven Halls
 43493 | Elf:1    | Reached skill level 15 in Fighting
 43501 | Elf:1    | Found the +7 Spriggan's Knife {stab, EV+4 Stlth+}
 43513 | Elf:1    | Identified the Volume of Attacks
 43823 | Elf:1    | Found Gionk's Food Shoppe.
 43971 | Elf:2    | Found a ruined gateway.
 43980 | Desolati | Entered the Desolation of Salt
 44225 | Desolati | Reached skill level 15 in Invocations
 44226 | Desolati | Identified the cursed +0 quarterstaff "Nabbeol" {vamp, rC+
                  | Str+3}
 44261 | Desolati | Got a sparkling marble ring
 44262 | Desolati | Identified the ring "Heybb" {Str+5 Int-5 Dex+2} (You found
                  | it in the Desolation of Salt)
 44270 | Desolati | Got a brightly glowing dagger
 44271 | Desolati | Identified the +7 dagger "Bisasisoe" {drain, +Inv rPois rC-
                  | MR++} (You found it in the Desolation of Salt)
 44385 | Desolati | Reached skill level 14 in Spellcasting
 44557 | Desolati | Reached skill level 15 in Stealth
 44564 | Desolati | Found the +7 Kryia's mail coat {PotionHeal*2 rC+}
 44801 | Desolati | Learned a level 5 spell: Irradiate
 44882 | Desolati | Got a smoking zirconium amulet
 44883 | Desolati | Identified the amulet of Epaimouh {Gourm rF- Int+5} (You
                  | found it in the Desolation of Salt)
 44900 | Desolati | Identified the Grimoire of the Shifting Birds
 45215 | Desolati | Reached XP level 22. HP: 175/175 MP: 40/40
 45372 | Elf:2    | Found a runed translucent gate.
 45372 | Elf:2    | Found a runed translucent gate.
 45380 | Elf:2    | Found a runed translucent gate.
 45880 | Elf:2    | Got a scorched shortbow
 45881 | Elf:2    | Identified the +1 shortbow of the Shining Light {velocity,
                  | rC+} (You found it on level 2 of the Elven Halls)
 46138 | Elf:2    | Found Sastrume's Armour Shop.
 46408 | Elf:3    | Entered Level 3 of the Elven Halls
 46477 | Elf:3    | Found Tutaupon's Armour Shoppe.
 46480 | Elf:3    | Found Tudanec's Magic Scroll Emporium.
 46480 | Elf:3    | Found Igiel's Antique Armour Shoppe.
 46483 | Elf:3    | Found Kicoteci's Armour Emporium.
 46486 | Elf:3    | Gained mutation: Your spells are a little easier to cast,
                  | but a little less powerful. [a shining eye]
 47115 | Elf:3    | Identified the ring "Wuqan" {rPois rF+ MR+}
 47147 | Elf:3    | Identified the ring "Valabyj" {rPois MR+ Str+6 Int+3
                  | Slay+2}
 47148 | Elf:3    | Identified the amulet of the Madman {+Rage Str+4 Int-3
                  | Dex+2}
 47314 | Elf:3    | Reached XP level 23. HP: 183/183 MP: 41/41
 47325 | Elf:3    | Identified the Almanac of Beguiling and the Mountains
 47346 | Elf:3    | Got a pair of smoking gloves
 47347 | Elf:3    | Identified the +2 pair of gloves of Kikubaaqudgha's Whim
                  | {rN+ Regen+ Int-5 Dex+9} (You found it on level 3 of the
                  | Elven Halls)
 47389 | Elf:3    | Found the amulet of the Air {Inacc +Fly rElec EV+5 RMsl}
 47982 | Crypt:1  | Entered Level 1 of the Crypt
 48169 | Crypt:1  | Noticed Frederick
 48233 | Crypt:1  | Killed Frederick
 48744 | Crypt:1  | Reached skill level 15 in Dodging
 49069 | Crypt:1  | Reached skill level 15 in Spellcasting
 49294 | Crypt:2  | Noticed Mennas
 49492 | Crypt:1  | Learned a level 2 spell: Blink
 49498 | Crypt:1  | Learned a level 5 spell: Summon Mana Viper
 49764 | Crypt:2  | Reached skill level 15 in Short Blades
 49764 | Crypt:2  | Reached skill level 15 in Long Blades
 49764 | Crypt:2  | Reached skill level 15 in Axes
 49764 | Crypt:2  | Reached skill level 15 in Maces & Flails
 49764 | Crypt:2  | Reached skill level 15 in Polearms
 49764 | Crypt:2  | Reached skill level 15 in Staves
 49764 | Crypt:2  | Reached skill level 15 in Slings
 49764 | Crypt:2  | Reached skill level 15 in Bows
 49764 | Crypt:2  | Reached skill level 15 in Crossbows
 49764 | Crypt:2  | Reached skill level 15 in Throwing
 49764 | Crypt:2  | Reached skill level 15 in Armour
 49764 | Crypt:2  | Reached skill level 15 in Shields
 49764 | Crypt:2  | Reached skill level 15 in Unarmed Combat
 49764 | Crypt:2  | Reached skill level 15 in Evocations
 50236 | Crypt:2  | Killed Mennas
 50419 | Crypt:3  | Entered Level 3 of the Crypt
 50419 | Crypt:3  | Noticed Khufu
 50419 | Crypt:3  | Noticed a greater mummy
 50431 | Crypt:3  | Killed Khufu
 50444 | Crypt:3  | Killed a greater mummy
 50565 | Crypt:3  | Noticed Jory
 50592 | Crypt:3  | Killed Jory
 50875 | Crypt:3  | Noticed Sojobo
 50906 | Crypt:3  | Killed Sojobo
 50906 | Crypt:3  | Reached XP level 24. HP: 190/190 MP: 15/42
 51923 | Crypt:3  | Found a staircase to the Tomb.
 52001 | Crypt:3  | Identified the Reference Book on Unholy Magic
 52315 | Crypt:3  | Reached skill level 16 in Spellcasting
 52381 | Crypt:3  | Identified Witchery Continued
 52390 | Crypt:3  | Got a bloodstained helmet
 52391 | Crypt:3  | Identified the +0 helmet "Fuong" {rElec} (You found it on
                  | level 3 of the Crypt)
 52451 | Crypt:3  | Noticed Boris
 52473 | Crypt:3  | Killed Boris
 52773 | Crypt:3  | Found an ancient bone altar of Kikubaaqudgha.
 52823 | Crypt:3  | Noticed an ancient lich
 52846 | Crypt:3  | Killed an ancient lich
 53498 | Vaults:3 | Learned a level 6 spell: Death Channel
 53611 | Depths:1 | Entered Level 1 of the Depths
 53964 | Depths:1 | Noticed Aizul
 54095 | Depths:1 | Found a gateway to Hell.
 54154 | Depths:1 | Identified the +1 morningstar of the Horn {antimagic, rF+
                  | Int+2}
 54155 | Depths:1 | Found a bloodstained altar of Trog.
 54155 | Depths:1 | Noticed Mawautz's ghost (veteran GrEE)
 54161 | Depths:1 | Noticed a juggernaut
 54163 | Depths:1 | Noticed a juggernaut
 54167 | Depths:1 | Found a transporter.
 54240 | Depths:1 | Found a transporter.
 54250 | Depths:1 | Identified the +5 rapier of Zoesetz {drain, rPois Str+4}
 54250 | Depths:1 | Identified the +5 rapier of Terror {chaos, rF+}
 54717 | Depths:1 | Found a one-way gate to the infinite horrors of the Abyss.
 54754 | Depths:1 | Killed Aizul
 54887 | Depths:1 | Killed Mawautz's ghost
 54914 | Depths:1 | Killed a juggernaut
 54921 | Depths:1 | Reached XP level 25. HP: 61/200 MP: 25/43
 54934 | Depths:1 | Killed a juggernaut
 55620 | Depths:2 | Reached skill level 17 in Spellcasting
 55656 | Depths:2 | Found a gateway to a ziggurat.
 55932 | Depths:2 | Found a one-way gate leading to the halls of Pandemonium.
 56377 | Depths:3 | Noticed Xtahua
 56390 | Depths:3 | Killed Xtahua
 56406 | Depths:3 | You fall through a shaft for 2 floors!
 56406 | Depths:5 | Entered Level 5 of the Depths
 56905 | Depths:3 | You fall through a shaft!
 56985 | Depths:4 | Learned a level 7 spell: Malign Gateway
 57201 | Depths:4 | Identified the +7 scimitar of Zugoroi {vamp, rElec rC+}
                  | (You found it on level 4 of the Depths)
 57560 | Depths:4 | Reached XP level 26. HP: 207/207 MP: 44/44
 57885 | Depths:4 | Identified the ring "Vess" {rC- rN+ Int+3 Dex+5 Stlth+}
                  | (You found it on level 4 of the Depths)
 59058 | Depths:5 | Noticed Boris
 59077 | Depths:5 | Killed Boris
 59077 | Depths:5 | Reached skill level 18 in Spellcasting
 59537 | Depths:5 | Found a gate to the Realm of Zot.
 60188 | Vaults:5 | Entered Level 5 of the Vaults
 60199 | Vaults:5 | Noticed an ancient lich
 60248 | Vaults:5 | Noticed an ancient lich
 60260 | Vaults:4 | Killed an ancient lich
 60296 | Vaults:4 | Killed an ancient lich
 60410 | Vaults:4 | Upgraded the game from 0.24-a0-125-gdf024910ca to
                  | 0.24-a0-129-gdb70d5e40e
 60436 | Vaults:5 | Noticed an ancient lich
 60611 | Vaults:4 | Reached skill level 15 in Summonings
 60772 | Vaults:5 | Identified the +10 hand axe "MrRokkomies's Doom" {freeze,
                  | rN+ Dex-5 SInv}
 60785 | Vaults:5 | Killed an ancient lich
 60787 | Vaults:5 | Reached XP level 27. HP: 211/217 MP: 11/45
 60791 | Vaults:5 | Identified the +0 leather armour of Vehumet's Reproof
                  | {rPois rF+ rC++ Dex-5}
 60808 | Vaults:5 | Reached skill level 19 in Spellcasting
 60824 | Vaults:5 | Identified a ring of the Octopus King {rN+ AC+1 EV+1 Str+1
                  | Int+1 Dex+1}
 61451 | Vaults:5 | Reached skill level 15 in Fire Magic
 61904 | Vaults:5 | Learned a level 6 spell: Deflect Missiles
 62112 | Vaults:5 | Got a silver rune of Zot
 62439 | Zot:1    | Entered Level 1 of the Realm of Zot
 62612 | Zot:1    | Reached skill level 15 in Conjurations
 62612 | Zot:1    | Reached skill level 15 in Hexes
 62612 | Zot:1    | Reached skill level 15 in Charms
 62612 | Zot:1    | Reached skill level 15 in Necromancy
 62612 | Zot:1    | Reached skill level 15 in Translocations
 62612 | Zot:1    | Reached skill level 15 in Transmutations
 62612 | Zot:1    | Reached skill level 15 in Ice Magic
 62612 | Zot:1    | Reached skill level 15 in Air Magic
 62612 | Zot:1    | Reached skill level 15 in Earth Magic
 62612 | Zot:1    | Reached skill level 15 in Poison Magic
 63204 | Zot:2    | Cast into level 2 of the Abyss (black draconian)
 63599 | Abyss:4  | Reached skill level 20 in Spellcasting
 63742 | Zot:2    | Escaped the Abyss
 64874 | Zot:3    | Learned a level 3 spell: Regeneration
 66762 | Zot:4    | Reached skill level 21 in Spellcasting
 67014 | Zot:5    | Entered Level 5 of the Realm of Zot
 67015 | Zot:5    | Upgraded the game from 0.24-a0-129-gdb70d5e40e to
                  | 0.24-a0-131-g11e5bb6019
 67082 | Zot:5    | Found a runed translucent gate.
 67084 | Zot:5    | Found a runed translucent gate.
 67084 | Zot:5    | Found an opulent altar of Gozag.
 67085 | Zot:5    | Found a runed translucent gate.
 67086 | Zot:5    | Found Feethasoi's Assorted Antiques.
 67086 | Zot:5    | Noticed Popraera's ghost (legendary MfSk)
 67160 | Zot:5    | Killed Popraera's ghost
 67237 | Zot:5    | Bought a scroll of enchant weapon for 352 gold pieces
 67237 | Zot:5    | Bought a scroll of teleportation for 141 gold pieces
 67572 | Zot:5    | Noticed an ancient lich
 67573 | Zot:5    | Noticed an ancient lich
 67583 | Zot:5    | Killed an ancient lich
 67588 | Zot:5    | Killed an ancient lich
 67724 | Zot:5    | Found the +18 shield of the Gong {rElec rN+ MR+ EV-5}
 67778 | Zot:5    | Noticed an ancient lich
 67778 | Zot:5    | Noticed an orb of fire
 67781 | Zot:5    | Noticed an orb of fire
 67802 | Zot:5    | Gained mutation: You are dopey. (Int -2) [an orb of fire]
 67807 | Zot:5    | Gained mutation: You are weak. (Str -2) [an orb of fire]
 67808 | Zot:5    | Gained mutation: You are clumsy. (Dex -2) [an orb of fire]
 67810 | Zot:5    | Noticed an orb of fire
 67811 | Zot:5    | HP: 5/222 [Orb Guardian (37)]
 67811 | Zot:5    | Annihilated by an Orb Guardian

Levels and vault maps discovered:
D:1:      nicolae_arrival_somewhat_less_tricky_arrival, layout_loops_ring
D:2:      layout_basic, uniq_robin
D:3:      layout_rooms, old_standard_altar, first_ration
D:4:      layout_loops_ring, kennysheep_mini_moat, ebering_ghost_disaster_area,
          fedhas_altar_2
D:5:      layout_basic, abandoned_shop
D:6:      layout_loops_ring, lemuel_doored_altar, uniq_sigmund
D:7:      layout_basic, kennysheep_mini, minmay_temple_entry_antechambers,
          serial_shops, shop
D:8:      layout_gridville, zin_statuary
D:9:      lemuel_castle_with_subvaults [lemuel_castle_interior_carwin_2],
          layout_irregular_city, tgw_xom, lair_entry_dummy, orc_0_dummy
D:10:     layout_basic
D:11:     layout_basic, portal_ice_cave_rime, uniq_snorg
D:12:     cheibrodos_ideogram_h, layout_loops_ring, grunt_tengu_nest
D:13:     layout_basic, maelrawn_ghost_gauntlet_escape, drop_trap,
          kennysheep_dice
D:14:     layout_gridville, david_vaults_3, serial_bayou_pond_b,
          minmay_checkered_concentric_circles
D:15:     hangedman_depths_entry_try_elsewhere_first, layout_basic,
          serial_shops, shop, grunt_decor_mini_mirrors,
          minmay_fractal_squares_gapless_5
Lair:1:   layout_loops_ring
Lair:2:   layout_hall_layers, minmay_swamp_entry_eels, beast_lair_carwin_1,
          infiniplex_staircase_pool, grunt_megastairs_5, lemuel_fruit_tree
Lair:3:   layout_gridlike, spider_nest_entry_webs, serial_bayou_shore_b,
          grunt_megastairs_3, serial_bayou_shore_b, uniq_prince_ribbit2,
          uniq_urug
Lair:4:   layout_cave_pods
Lair:5:   minmay_lair_oklob_tunnel, layout_regular_city,
          dpeg_slime_entry_enclosed_altar, enter_volcano_4
Lair:6:   evilmike_catoblepas_cave, layout_regular_city
Swamp:1:  layout_falls_marsh, evilmike_swamp_ruin_house_2, uniq_louise
Swamp:2:  layout_basic_swamp, evilmike_swamp_ruin_rubble_1
Swamp:3:  layout_basic_swamp, evilmike_swamp_ruin_house_3
Swamp:4:  swamp_alternative, layout_basic_swamp, uniq_donald
Spider:1: layout_spider_delve, uniq_roxanne
Spider:2: layout_spider_delve, worms_lemuel, nicolae_spider_cling_halls,
          uniq_asterion
Spider:3: layout_spider_delve, drop_trap
Spider:4: grunt_spider_rune_island
Orc:1:    layout_diamond_mine, ebering_ghost_disaster_area
Orc:2:    st_orc_open, layout_diamond_mine, uniq_erolcha
Elf:1:    layout_rooms, serial_shops, shop, minmay_elf_annihilation
Elf:2:    layout_geoelf_diagonals, serial_shops, nicolae_shop_statue_plus,
          portal_desolation_entry_garden
Elf:3:    minmay_elf_hall_x, layout_rooms, minmay_shoptagon
Vaults:1: ontoclasm_vaults_chip, layout_vaults_omnigrid
Vaults:2: st_lattice, grunt_vaults_hallway_short, vaults_mumra_minichess,
          vaults_dpeg_hooks, vaults_dpeg_spiral, hangedman_vaults_snaps,
          v_rooms_3, hangedman_vaults_hat, hangedman_vaults_river_flow,
          v_misc_2, nicolae_vaults_asterisk, v_misc_17,
          nicolae_vaults_ring_of_whatevers, layout_vaults_maze,
          dummy_crypt_entry, uniq_nikola
Vaults:3: ebering_vaults_ghost_inner_flame,
          vaults_standard_mumra_enter_the_diamond, vaults_room_large_hall,
          ontoclasm_vaults_ligature, hangedman_vaults_impose,
          ontoclasm_vaults_ring_small, vaults_standard_mumra_x,
          vaults_mumra_minichess_inversion, hangedman_vaults_pinch, v_misc_16,
          nicolae_vaults_alarming, ontoclasm_vaults_loading_screen,
          nicolae_vaults_yaktaur_gun_rack, layout_vaults_omnicross,
          serial_shops, shop
Vaults:4: vaults_room_hangedman_quadrants, vaults_room_door_ring,
          vaults_room_fours, grunt_vaults_bifocal, ontoclasm_vaults_eye,
          v_misc_29, ontoclasm_vaults_misaligned, nicolae_vaults_hallways_thing,
          vaults_dpeg_ring, v_misc_13, layout_vaults_ring
Vaults:5
Crypt:1:  layout_chaotic_city, grunt_crypt_arrival_guarded_gate, uniq_frederick
Crypt:2:  layout_chaotic_city, uniq_mennas
Crypt:3:  quadcrypt_mu, uniq_khufu, uniq_jory, uniq_sojobo, uniq_boris
Depths:1: layout_cave_pools, hex_tiny, hangedman_coc_ice_floe,
          abyss_entry_crystal, gammafunk_ghost_wrathful_warriors, uniq_aizul
Depths:2: minmay_inner_zag, layout_cave_shapes, enter_ziggurat_c, hell_entry,
          minmay_crystal_room, rand_demon_pan_entry_8, minmay_evil_grid,
          infiniplex_staircase_trident
Depths:3: kennysheep_blocky_room, layout_basic, rand_demon_pan_entry_7,
          abyss_entry, hell_entry, nicolae_twisting_strands,
          onia_ninara_dug_in_and_dangerous, uniq_xtahua
Depths:4: radiant_caverns_b_rkd, abyss_entry, hell_entry
Depths:5: evilmike_zot_entry_gauntlet, layout_gridlike,
          chequers_serial_rivers_large_b, grunt_hell_entry_dis_old,
          serial_bayou_shore_b
Zot:1:    layout_basic
Zot:2:    layout_misc_corridors
Zot:3:    lemuel_acid_trip, layout_cathedral_of_symmetry,
          nicolae_zot_crop_circle
Zot:4:    layout_cathedral_of_symmetry, grunt_ministairs_12
Zot:5:    layout_misc_corridors, ebering_ghost_gozag
Abyss:2
Abyss:3:  evilmike_abyss_exit_17, hangedman_abyss_rune_macabre_mess
Abyss:4:  hangedman_cross_veins, nicolae_abyss_rune_star_stuff
IceCv:    ice_cave_small_demon
Volcano:  volcano_village
Desolation

Skill      XL: |  1  2  3  4  5  6  7  8  9 10 11 12 13 14 15 16 17 18 19 20 21 22 23 24 25 26 27 |
---------------+----------------------------------------------------------------------------------+-----
Fire Magic     | 2 4 5 6 7 8 9 10 11 12 13 14 16 | 16.1
Stealth        | 6 7 8 9 10 11 12 13 14 15 16 17 19 | 19.2
Invocations    | 1 4 5 6 7 8 9 10 11 12 13 14 15 16 17 18 19 | 19.9
Short Blades   | 1 4 5 6 7 8 9 10 11 12 13 14 15 16 17 18 | 18.5
Long Blades    | 1 4 5 6 7 8 9 10 11 12 13 14 15 16 17 18 | 18.5
Axes           | 1 4 5 6 7 8 9 10 11 12 13 14 15 16 17 18 | 18.5
Maces & Flails | 1 4 5 6 7 8 9 10 11 12 13 14 15 16 17 18 | 18.5
Polearms       | 1 4 5 6 7 8 9 10 11 12 13 14 15 16 17 18 | 18.5
Staves         | 1 4 5 6 7 8 9 10 11 12 13 14 15 16 17 18 | 18.5
Slings         | 1 4 5 6 7 8 9 10 11 12 13 14 15 16 17 18 | 18.5
Bows           | 1 4 5 6 7 8 9 10 11 12 13 14 15 16 17 18 | 18.5
Crossbows      | 1 4 5 6 7 8 9 10 11 12 13 14 15 16 17 18 | 18.5
Throwing       | 1 4 5 6 7 8 9 10 11 12 13 14 15 16 17 18 | 18.5
Armour         | 1 4 5 6 7 8 9 10 11 12 13 14 15 16 17 18 | 18.5
Shields        | 1 4 5 6 7 8 9 10 11 12 13 14 15 16 17 18 | 18.5
Unarmed Combat | 1 4 5 6 7 8 9 10 11 12 13 14 15 16 17 18 | 18.5
Spellcasting   | 1 4 5 6 7 8 9 10 11 12 13 14 15 16 17 18 21 | 21.4
Evocations     | 1 4 5 6 7 8 9 10 11 12 13 14 15 16 17 18 | 18.5
Conjurations   | 1 3 4 5 6 7 8 9 10 11 12 13 14 16 | 16.0
Hexes          | 1 3 4 5 6 7 8 9 10 11 12 13 14 16 | 16.0
Charms         | 1 3 4 5 6 7 8 9 10 11 12 13 14 16 | 16.0
Necromancy     | 1 3 4 5 6 7 8 9 10 11 12 13 14 16 | 16.0
Translocations | 1 3 4 5 6 7 8 9 10 11 12 13 14 16 | 16.0
Transmutations | 1 3 4 5 6 7 8 9 10 11 12 13 14 16 | 16.0
Ice Magic      | 1 3 4 5 6 7 8 9 10 11 12 13 14 16 | 16.0
Air Magic      | 1 3 4 5 6 7 8 9 10 11 12 13 14 16 | 16.0
Earth Magic    | 1 3 4 5 6 7 8 9 10 11 12 13 14 16 | 16.0
Poison Magic   | 1 3 4 5 6 7 8 9 10 11 12 13 14 16 | 16.0
Fighting       | 8 9 10 11 12 13 14 15 16 17 19 | 19.3
Dodging        | 5 6 7 8 9 10 11 12 13 14 15 16 17 18 | 18.6
Summonings     | 5 6 7 8 9 10 11 12 13 14 15 16 | 16.3

Action                   |  1- 3 |  4- 6 |  7- 9 | 10-12 | 13-15 | 16-18 | 19-21 | 22-24 | 25-27 || total
-------------------------+-------+-------+-------+-------+-------+-------+-------+-------+-------++-------
Melee: Dagger            |   138 |   107 |       |       |       |       |       |       |       ||   245
       Bite              |    11 |    24 |    75 |   138 |   199 |   334 |   439 |   419 |   757 ||  2396
       Trident           |       |   101 |   531 |   673 |       |       |       |       |       ||  1305
       Spear             |       |       |       |    59 |       |       |       |       |       ||    59
       Long sword        |       |       |       |   180 |       |       |       |       |       ||   180
       Quarterstaff      |       |       |       |    13 |   199 |       |       |       |       ||   212
       Broad axe         |       |       |       |    12 |   715 |   325 |       |       |       ||  1052
       Punch             |       |       |       |       |    43 |       |       |       |       ||    43
       Demon blade       |       |       |       |       |   482 |  1165 |  1952 |  1476 |  2705 ||  7780
       Scimitar          |       |       |       |       |       |   111 |       |       |       ||   111
       Trishula          |       |       |       |       |       |       |       |   531 |   231 ||   762
       Morningstar       |       |       |       |       |       |       |       |       |    21 ||    21
 Fire: Hunting sling     |       |       |       |    15 |       |       |       |       |       ||    15
Throw: Stone             |       |       |       |    17 |       |       |       |       |       ||    17
       Throwing net      |       |       |       |     1 |       |     2 |     1 |       |       ||     4
       Tomahawk          |       |       |       |    18 |    28 |       |       |       |       ||    46
       Javelin           |       |       |       |    15 |    53 |   142 |   107 |    13 |    28 ||   358
 Cast: Confusing Touch   |       |       |     1 |     5 |       |       |       |     1 |       ||     7
       Animate Skeleton  |       |       |       |     8 |    28 |     1 |       |       |       ||    37
       Sticks to Snakes  |       |       |       |       |     3 |       |       |     1 |       ||     4
       Summon Guardian G |       |       |       |       |     1 |       |       |       |       ||     1
       Olgreb's Toxic Ra |       |       |       |       |       |     6 |     1 |     5 |       ||    12
       Borgnjor's Vile C |       |       |       |       |       |       |     1 |     7 |     6 ||    14
       Bolt of Magma     |       |       |       |       |       |       |    12 |    33 |    26 ||    71
       Ignite Poison     |       |       |       |       |       |       |     3 |    16 |       ||    19
       Yara's Violent Un |       |       |       |       |       |       |     1 |     7 |       ||     8
       Irradiate         |       |       |       |       |       |       |       |     7 |     9 ||    16
       Summon Lightning  |       |       |       |       |       |       |       |     4 |       ||     4
       Poisonous Vapours |       |       |       |       |       |       |       |     3 |       ||     3
       Summon Mana Viper |       |       |       |       |       |       |       |     3 |       ||     3
       Blink             |       |       |       |       |       |       |       |     2 |     7 ||     9
       Death Channel     |       |       |       |       |       |       |       |     2 |     6 ||     8
       Call Canine Famil |       |       |       |       |       |       |       |     1 |       ||     1
       Malign Gateway    |       |       |       |       |       |       |       |       |     6 ||     6
       Deflect Missiles  |       |       |       |       |       |       |       |       |     1 ||     1
       Regeneration      |       |       |       |       |       |       |       |       |     1 ||     1
Invok: Lesser Servant of |       |       |       |       |     8 |       |       |       |       ||     8
       Greater Servant o |       |       |       |       |     2 |     5 |       |     5 |     3 ||    15
       Major Destruction |       |       |       |       |     3 |       |       |       |       ||     3
 Abil: Evoke Invisibilit |       |       |       |       |       |     1 |       |       |       ||     1
Evoke: Wand              |       |       |     7 |    37 |     8 |     1 |     5 |     4 |     4 ||    66
       Lightning rod     |       |       |       |       |     6 |     2 |       |       |     1 ||     9
       Phantom mirror    |       |       |       |       |     1 |       |       |       |       ||     1
       Lamp of fire      |       |       |       |       |       |     1 |       |     1 |     1 ||     3
       Phial of floods   |       |       |       |       |       |       |       |       |     1 ||     1
  Use: Scroll            |     3 |     5 |    10 |    17 |     7 |    11 |    13 |    16 |    22 ||   104
       Potion            |       |     2 |       |    10 |     4 |       |     3 |     3 |     4 ||    26
 Stab: Confused          |       |       |     2 |     1 |       |       |       |       |     2 ||     5
       Paralysed         |       |       |       |     5 |       |       |       |       |       ||     5
       Distracted        |       |       |       |     7 |     3 |     1 |     1 |    13 |    24 ||    49
       Held in net/web   |       |       |       |     3 |       |     2 |       |       |       ||     5
       Betrayed ally     |       |       |       |     1 |       |       |       |       |       ||     1
       Petrified         |       |       |       |       |     3 |       |       |       |       ||     3
       Sleeping          |       |       |       |       |     5 |     8 |    22 |    20 |    26 ||    81
       Invisible         |       |       |       |       |       |     6 |       |       |       ||     6
  Eat: Chunk             |       |     7 |    12 |    24 |    28 |    17 |    18 |    11 |    21 ||   138
       Ration            |       |       |       |     3 |     3 |     5 |     3 |     8 |     7 ||    29
Armor: Storm dragon scal |   115 |   117 |   294 |   471 |   896 |   866 |   529 |   392 |   768 ||  4448
       Skin              |       |       |       |   204 |       |       |       |       |       ||   204
Dodge: Dodged            |    47 |    54 |   278 |   594 |  1337 |  1608 |  1212 |   975 |  1549 ||  7654
       Deflected         |       |       |       |       |       |       |       |       |     5 ||     5
Block: Buckler           |    17 |    36 |   164 |   286 |       |       |       |       |       ||   503
       Shield            |       |       |       |       |   165 |  1277 |  1107 |   953 |  1285 ||  4787
       Reflection        |       |       |       |       |       |     2 |    42 |    35 |    40 ||   119
       Large shield      |       |       |       |       |       |       |       |       |   500 ||   500
       Rpst.: Long sword |       |       |       |    43 |       |       |       |       |       ||    43
       Demon blade       |       |       |       |       |    49 |   163 |   248 |   137 |   237 ||   834
       Scimitar          |       |       |       |       |       |    14 |       |       |       ||    14

Table legend:
 A = Non-vault XP
 B = Vault XP
 C = Vault XP percentage of total XP
 D = Non-vault monster count
 E = Vault monster count
 F = Vault count percentage of total count
                 A         B        C        D         E       F
            +---------+---------+-------+---------+---------+-------
      Total |  878438 |  829849 |  48.6 |    1673 |    1046 |  38.5
            +---------+---------+-------+---------+---------+-------
        D:1 |      30 |       0 |   0.0 |      19 |       0 |   0.0
        D:2 |      79 |      35 |  30.7 |      26 |      11 |  29.7
        D:3 |      84 |       0 |   0.0 |      15 |       0 |   0.0
        D:4 |     415 |       0 |   0.0 |      22 |       0 |   0.0
        D:5 |     512 |       0 |   0.0 |      15 |       0 |   0.0
        D:6 |     631 |     231 |  26.8 |      17 |       1 |   5.6
        D:7 |    1289 |       0 |   0.0 |      19 |       0 |   0.0
        D:8 |    1844 |     165 |   8.2 |      36 |       1 |   2.7
        D:9 |    3065 |    4862 |  61.3 |      23 |      54 |  70.1
       D:10 |    1746 |       0 |   0.0 |      24 |       0 |   0.0
       D:11 |    5609 |    1866 |  25.0 |      22 |       3 |  12.0
       D:12 |    5277 |    5838 |  52.5 |      41 |      26 |  38.8
       D:13 |    7578 |    9271 |  55.0 |      50 |      28 |  35.9
       D:14 |   15140 |    9355 |  38.2 |      37 |      12 |  24.5
       D:15 |   26945 |    4011 |  13.0 |      50 |       7 |  12.3
     Lair:1 |    3342 |       0 |   0.0 |      17 |       0 |   0.0
     Lair:2 |    4786 |    1790 |  27.2 |      16 |      15 |  48.4
     Lair:3 |    4659 |    1651 |  26.2 |      19 |       6 |  24.0
     Lair:4 |    3362 |       0 |   0.0 |      14 |       0 |   0.0
     Lair:5 |    2502 |    2630 |  51.2 |      10 |       7 |  41.2
     Lair:6 |   12819 |    9724 |  43.1 |      44 |      23 |  34.3
    Swamp:1 |    7301 |    1667 |  18.6 |      18 |       1 |   5.3
    Swamp:2 |   14797 |       0 |   0.0 |      36 |       0 |   0.0
    Swamp:3 |   19925 |    1128 |   5.4 |      39 |       2 |   4.9
    Swamp:4 |   17225 |   13228 |  43.4 |      31 |      23 |  42.6
   Spider:1 |   16648 |    1868 |  10.1 |      43 |       1 |   2.3
   Spider:2 |   17351 |    7680 |  30.7 |      52 |      20 |  27.8
   Spider:3 |   17494 |       0 |   0.0 |      37 |       0 |   0.0
   Spider:4 |   17131 |   26971 |  61.2 |      45 |      44 |  49.4
      Orc:1 |    3311 |    1025 |  23.6 |      17 |       1 |   5.6
      Orc:2 |    5423 |   15879 |  74.5 |      40 |      37 |  48.1
      Elf:1 |   21386 |    4831 |  18.4 |      32 |       7 |  17.9
      Elf:2 |   22440 |   24036 |  51.7 |      32 |      31 |  49.2
      Elf:3 |   24998 |   45341 |  64.5 |      39 |      31 |  44.3
   Vaults:1 |   35183 |    6975 |  16.5 |      74 |       8 |   9.8
   Vaults:2 |   15514 |   24174 |  60.9 |      28 |      34 |  54.8
   Vaults:3 |   16356 |   23457 |  58.9 |      27 |      30 |  52.6
   Vaults:4 |   52693 |   60948 |  53.6 |      64 |      43 |  40.2
   Vaults:5 |   16778 |  105103 |  86.2 |      32 |      81 |  71.7
    Crypt:1 |   41597 |    4040 |   8.9 |      62 |       1 |   1.6
    Crypt:2 |   35498 |    6631 |  15.7 |      51 |       1 |   1.9
    Crypt:3 |       0 |   94852 | 100.0 |       0 |      90 | 100.0
   Depths:1 |   35426 |   26229 |  42.5 |      56 |      15 |  21.1
   Depths:2 |   28825 |   14739 |  33.8 |      41 |      13 |  24.1
   Depths:3 |   26269 |   14708 |  35.9 |      28 |      10 |  26.3
   Depths:4 |       0 |   55603 | 100.0 |       0 |      88 | 100.0
   Depths:5 |   12331 |   24650 |  66.7 |      11 |      21 |  65.6
      Zot:1 |   64071 |       0 |   0.0 |      48 |       0 |   0.0
      Zot:2 |   47449 |       0 |   0.0 |      32 |       0 |   0.0
      Zot:3 |   58418 |   42747 |  42.3 |      36 |      56 |  60.9
      Zot:4 |   37609 |    5553 |  12.9 |      24 |       5 |  17.2
      Zot:5 |   17199 |   59791 |  77.7 |      13 |      19 |  59.4
    Abyss:4 |   30078 |    9721 |  24.4 |      49 |      19 |  27.9
      IceCv |       0 |    5007 | 100.0 |       0 |      26 | 100.0
    Volcano |       0 |    4093 | 100.0 |       0 |       9 | 100.0
 Desolation |       0 |   45745 | 100.0 |       0 |      85 | 100.0
            +---------+---------+-------+---------+---------+-------
